 Dungeon Crawl Stone Soup version 0.19.0-9-gfd783f2 (webtiles) character file.

81 Gingerlord the Skirmisher (level 4, 0/40 HPs)
             Began as a Ghoul Monk on Nov 7, 2016.
             Slain by a bullfrog (2 damage)
             ... on level 2 of the Dungeon.
             The game lasted 00:02:38 (1303 turns).

Gingerlord the Skirmisher (Ghoul Monk)              Turns: 1303, Time: 00:02:39

Health: 0/40       AC:  5    Str: 16    XL:     4   Next: 40%
Magic:  3/3        EV: 13    Int:  5    God:
Gold:   127        SH:  0    Dex: 12    Spells: 0 memorised, 3 levels left

rFire  . . .     SeeInvis .       - Unarmed
rCold  + . .     Gourm    .     a - +0 robe
rNeg   + + +     Faith    .     (no shield)
rPois  ∞         Spirit   .     o - +1 hat
rElec  .         Reflect  .     d - +0 cloak
rCorr  .         Harm     .     (no gloves)
MR     .....                    m - +0 pair of boots
Stlth  ++........               (no amulet)
                                (no ring)
                                i - +2 ring of strength

@: rotting
A: rotting body, claws 1, carnivore 3, cold resistance 1, negative energy
resistance 3, slow regeneration 1, torment resistance, unbreathing
a: no special abilities


You were on level 2 of the Dungeon.
You were not hungry.

You visited 1 branch of the dungeon, and saw 3 of its levels.

You collected 127 gold pieces.

Inventory:

Armour
 a - a +0 robe (worn)
 d - a +0 cloak (worn)
 m - a +0 pair of boots (worn)
 o - a +1 hat (worn)
Jewellery
 i - a +2 ring of strength (left claw)
Scrolls
 e - a scroll of fog {unknown}
 f - 2 scrolls of remove curse {unknown}
 h - a scroll of enchant weapon {unknown}
 k - a scroll of fear {unknown}
 l - a scroll of immolation {unknown}
 q - a scroll of magic mapping {unknown}
Potions
 n - a potion of agility {unknown}
 p - a potion of heal wounds {unknown}
Comestibles
 b - 2 meat rations


   Skills:
 + Level 4.0 Fighting
 + Level 1.5 Armour
 + Level 3.1 Dodging
 - Level 2.1 Stealth
 + Level 4.0 Unarmed Combat


You had 3 spell levels left.
You didn't know any spells.

Dungeon Overview and Level Annotations

Branches:
Dungeon (3/15)

Altars:


Innate Abilities, Weirdness & Mutations

Your body is rotting away.
You thrive on raw meat.
You are immune to poison.
You have sharp fingernails.
You are carnivorous and can eat meat at any time.
Your flesh is cold resistant. (rC+)
You are immune to negative energy. (rN+++)
You regenerate slowly when monsters are visible.
You are immune to unholy pain and torment.
You can survive without breathing.


Message History

You claw the bullfrog!
The bullfrog is severely wounded.
The bullfrog misses you. The bullfrog hits you.
* * * LOW HITPOINT WARNING * * *
You barely miss the bullfrog.
The bullfrog is severely wounded.
The bullfrog completely misses you.
You barely miss the bullfrog.
The bullfrog is severely wounded.
The bullfrog closely misses you.
You scratch the bullfrog.
The bullfrog is almost dead.
The bullfrog hits you.
* * * LOW HITPOINT WARNING * * *
The bullfrog closely misses you.
It was a potion of magic.
Magic courses through your body. The bullfrog misses you.
It was a potion of cancellation.
You feel magically purged. The bullfrog hits you.
You die...

..########.###.###.#.##...#####.#
.................#.#.###.## #.#
...##########..#.#.#.###.# #.#
.#.##########........##..######.#
...............#.......#.........
#...%..........#.#...##..#.###...
...##########†##h.>......#.###...
#.######## #.##F##..#####.......
#........# #.##@##..##########..
########.# #.##.##..............
#.# #.##.##.###..)....... #.#
#....##.# #.###.##### #.#
#..#.##.# #.# #.# #.#
#..#.##.###.# #.# #.#
#..#.#...##.# #.# #.#
#..#..#.#.#.# #.#
########.####..#.##.##..# #.#


You could see a bullfrog and a jackal.

Vanquished Creatures
  3 adders (D:2)
  A worm (D:2)
  A dart slug (D:2)
  A leopard gecko (D:1)
  3 giant cockroaches
  3 goblins (D:1)
  7 hobgoblins
  6 jackals
  A quokka (D:2)
  A ball python (D:1)
  3 bats
  2 frilled lizards (D:1)
  7 kobolds
  7 rats
46 creatures vanquished.

Notes
Turn   | Place    | Note
-------+----------+-------------------------------------------
     0 | D:1      | Gingerlord the Ghoul Monk began the quest for the Orb.
     0 | D:1      | Reached XP level 1. HP: 19/19 MP: 0/0
   111 | D:1      | Reached XP level 2. HP: 26/26 MP: 1/1
   520 | D:1      | Reached skill level 1 in Armour
   562 | D:2      | Reached XP level 3. HP: 33/33 MP: 2/2
   713 | D:2      | Reached XP level 4. HP: 37/40 MP: 3/3
  1032 | D:2      | Found a faded altar of an unknown god.
  1279 | D:3      | Noticed a bullfrog
  1301 | D:2      | HP: 2/40 [bullfrog (6)]
  1303 | D:2      | Slain by a bullfrog

Skill      XL: |  1  2  3  4 |
---------------+-------------+-----
Armour         | 1 |  1.5
Dodging        | 3 |  3.1
Fighting       | 4 |  4.0
Unarmed Combat | 4 |  4.0
Stealth        | |  2.1

Action                   |  1- 3 |  4- 6 || total
-------------------------+-------+-------++-------
Melee: Unarmed           |    94 |    55 ||   149
  Use: Potion            |       |     4 ||     4
 Stab: Sleeping          |     1 |     4 ||     5
  Eat: Chunk             |     7 |       ||     7
Armor: Robe              |    28 |    16 ||    44
Dodge: Dodged            |    70 |    57 ||   127
